 Dungeon Crawl Stone Soup version 0.31-a0-185-g9dded2c639 (webtiles) character file.

Game seed: 11705753096964632084

141 qw the Skirmisher (level 5, -1/29 HPs)
             Began as a Deep Elf Hunter on June 22, 2023.
             Slain by a gnoll bouda
             ... wielding a +0 club
              (6 damage)
             ... on level 3 of the Dungeon.
             The game lasted 00:00:47 (2709 turns).

qw the Skirmisher (Deep Elf Hunter)                 Turns: 2709, Time: 00:00:47

Health: -1/29      AC:  7    Str: 10    XL:     5   Next: 3%
Magic:  7/7        EV: 11    Int: 14    God:
Gold:   43         SH:  0    Dex: 18    Spells: 4/4 levels left

rFire   . . .        Y - +0 shortbow
rCold   . . .        (shield currently unavailable)
rNeg    . . .        l - +0 ring mail
rPois   .            (no helmet)
rElec   .            b - +0 cloak
rCorr   .            (no gloves)
SInv    +            a - +0 pair of boots
Will    .....        (no amulet)
Stlth   +            e - ring of see invisible
HPRegen 0.24/turn    (no ring)
MPRegen 0.10/turn

%: no passive effects
@: no status effects
A: no striking features
a: no special abilities


You were on level 3 of the Dungeon.
You visited 1 branch of the dungeon, and saw 4 of its levels.

You collected 97 gold pieces.
You spent 54 gold pieces at shops.


   Skills:
 - Level 1.5 Fighting
 + Level 8.4 Ranged Weapons
 - Level 2.4 Dodging
 - Level 1.2 Stealth


You had 4 spell levels left.
You didn't know any spells.
Your spell library was empty.

Inventory:

Hand Weapons
 Y - a +0 shortbow (weapon)
Armour
 a - a +0 pair of boots (worn)
 b - a +0 cloak (worn)
 l - a +0 ring mail (worn)
Jewellery
 e - a ring of see invisible (left hand)
Scrolls
 h - a scroll of identify
Potions
 d - a potion of heal wounds {unknown}
 g - a potion of berserk rage {unknown}
 i - a potion of enlightenment
 j - a potion of curing
 k - a potion of haste {unknown}
 m - a potion of mutation {unknown}
 o - a potion of might {unknown}

Dungeon Overview and Level Annotations

Branches:
Dungeon (4/15)
 Temple: D:4-7

Altars:
Ashenzari

Shops:
D:3 [

Annotations:
D:2 1 runed translucent door, Crazy Yiuf


Message History

You start resting.
You feel very sick.
You feel sick. x7
You are no longer poisoned.
HP restored.
There is a stone staircase leading down here.
Done exploring.
(D) Dungeon
Where to? (* - list waypoints, Enter - D:4, ? - help)
What level of the Dungeon? (default 1, ? - help)
You climb downwards.
The gnoll shouts! x2; The gnoll bouda shouts!
The gnoll shouts!
There is a stone staircase leading up here.
There are monsters nearby!
Waypoint 3 assigned to D:4.
You shoot an arrow. The arrow hits the gnoll.
The gnoll is moderately wounded.
The gnoll closely misses you.
The gnoll bouda barks out a call to the hunt!
The gnolls pick up the pace!
You shoot an arrow. The arrow hits the gnoll!
The gnoll is severely wounded.
The gnoll hits you but does no damage. The gnoll misses you.
You shoot an arrow. The arrow hits the gnoll!
You kill the gnoll!
The gnoll hits you with a +0 whip. x2
You have reached level 5!
2706 ||| STAIRDANCE The gnoll misses you.
The gnoll bouda barely misses you. The gnoll misses you.
You climb upwards.
There is a stone staircase leading down here.
You shoot an arrow.
The arrow completely misses the gnoll bouda.
The gnoll hits you with a +0 whip.
The gnoll bouda hits you with a +0 club!
The gnoll hits you but does no damage.
You shoot an arrow. The arrow hits the gnoll bouda!
The gnoll bouda is heavily wounded.
The gnoll hits you with a +0 whip!
The gnoll bouda hits you with a +0 club.
You die...

#....## #####
###.)...#######...#####
.)....................##
.#......#######...[.[..#
###....## ##...\...# ######
.#....## #..[.[..# #..... #....##
#.......# #.#### ###.## #g##....#
#.# #.# ########@##.#### #.# #.#
#......gg##.# #.# ##'##
#.###.......# ##.# ##...## #.#
#.......# #..#
#.....###.###.......# #.##
.......##.##........# ##.## #
........#.##........######...####
........'.......................'
........#.......(...##.###...####


You could see a gnoll bouda and 2 gnolls.

Vanquished Creatures
  An orc priest (D:3)
  An orc wizard (D:3)
  A gnoll (D:4)
  3 adders
  3 orcs (D:3)
  9 ball pythons
  3 endoplasms
  2 giant cockroaches
  3 goblins
  4 hobgoblins
  4 jackals
  2 kobolds (D:3)
  3 bats
  A frilled lizard (D:1)
  6 rats
46 creatures vanquished.

Notes
Turn   | Place    | Note
-------+----------+-------------------------------------------
     0 | D:1      | qw the Deep Elf Hunter began the quest for the Orb.
     0 | D:1      | Reached XP level 1. HP: 12/12 MP: 3/3
     0 | D:1      | 0 ||| qw: Version: 0.3-a-9-g12657ce
     0 | D:1      | 0 ||| qw: Game counter: 1786
     0 | D:1      | 0 ||| qw: Always use a shield: true
     0 | D:1      | 0 ||| qw: God list: Okawaru
     0 | D:1      | 0 ||| qw: Allow faded altars: false
     0 | D:1      | 0 ||| qw: Do Orc after D:15 true
     0 | D:1      | 0 ||| qw: Do second Lair branch before Depths: true
     0 | D:1      | 0 ||| qw: Lair rune preference: random
     0 | D:1      | 0 ||| qw: Plans: Normal
     0 | D:1      | 0 ||| PLANNING D:1-11
   234 | D:1      | Found a faded altar of an unknown god.
   447 | D:1      | Reached skill level 6 in Ranged Weapons
   447 | D:1      | Reached XP level 2. HP: 16/16 MP: 4/4
   792 | D:1      | 792 ||| READING scroll labelled LETIZO LILASUGG.
   793 | D:1      | 793 ||| DROPPING scroll of butterflies.
   877 | D:2      | 877 ||| STAIRDANCE
   916 | D:2      | 916 ||| STAIRDANCE
  1005 | D:2      | Found a runed translucent door.
  1006 | D:2      | Noticed Crazy Yiuf
  1083 | D:2      | Found a broken altar of Ashenzari.
  1390 | D:2      | Reached XP level 3. HP: 20/20 MP: 5/5
  1435 | D:2      | Reached skill level 7 in Ranged Weapons
  1534 | D:2      | 1534 ||| UPGRADING to +0 cloak.
  1539 | D:2      | 1539 ||| UPGRADING to +0 ring mail.
  1549 | D:2      | 1549 ||| DROPPING +0 leather armour.
  1550 | D:2      | 1550 ||| UPGRADING to ring of see invisible.
  1551 | D:2      | 1551 ||| READING scroll labelled ICWEMP FYEDAS.
  1552 | D:2      | 1552 ||| READING scroll labelled NIZEDOVIWUAJ.
  1624 | D:2      | 1624 ||| READING scroll labelled OSTRUU NIS OMUA.
  1625 | D:2      | 1625 ||| READING 2 scrolls labelled JYWKENOUSHOF.
  1626 | D:2      | 1626 ||| DRINKING 2 fizzy cyan potions.
  1668 | D:2      | 1668 ||| DRINKING 2 amethyst potions.
  1669 | D:2      | 1669 ||| DRINKING 2 dark potions.
  1670 | D:2      | 1670 ||| DROPPING potion of lignification.
  1671 | D:2      | 1671 ||| DROPPING scroll of amnesia.
  1836 | D:3      | Found Alemmeoc's Armour Shoppe.
  1842 | D:3      | 1842 ||| BUYING +0 pair of boots (54 gold).
  1842 | D:3      | Bought a +0 pair of boots for 54 gold pieces
  1842 | D:3      | 1842 ||| SHOPLISTING +0 pair of gloves (54 gold, have 19).
  1842 | D:3      | 1842 ||| SHOPLISTING +1 fire dragon scales (804 gold, have
                  | 19).
  1842 | D:3      | 1842 ||| SHOPLISTING +3 ring mail of fire resistance (312
                  | gold, have 19).
  2160 | D:3      | Reached XP level 4. HP: 25/25 MP: 6/6
  2174 | D:3      | 2174 ||| FLEEEEING.
  2175 | D:3      | 2175 ||| FLEEEEING.
  2176 | D:3      | 2176 ||| FLEEEEING.
  2177 | D:3      | 2177 ||| FLEEEEING.
  2178 | D:3      | 2178 ||| FLEEEEING.
  2179 | D:3      | 2179 ||| FLEEEEING.
  2180 | D:3      | 2180 ||| FLEEEEING.
  2181 | D:3      | 2181 ||| FLEEEEING.
  2182 | D:3      | 2182 ||| FLEEEEING.
  2183 | D:3      | 2183 ||| FLEEEEING.
  2184 | D:3      | 2184 ||| FLEEEEING.
  2185 | D:3      | 2185 ||| FLEEEEING.
  2186 | D:3      | 2186 ||| FLEEEEING.
  2187 | D:3      | 2187 ||| FLEEEEING.
  2188 | D:3      | 2188 ||| FLEEEEING.
  2189 | D:3      | 2189 ||| FLEEEEING.
  2190 | D:3      | 2190 ||| FLEEEEING.
  2198 | D:3      | 2198 ||| DRINKING 2 potions of curing.
  2198 | D:3      | 2198 ||| (to cure confusion)
  2234 | D:3      | Reached skill level 8 in Ranged Weapons
  2586 | D:3      | 2586 ||| UPGRADING to +0 pair of boots.
  2591 | D:3      | 2591 ||| READING scroll labelled DIOTOBLAUP.
  2592 | D:3      | 2592 ||| READING scroll labelled YJUGYSCH BUSOLL.
  2594 | D:3      | 2594 ||| Stepping ~*~*~tactically~*~*~ (cloud).
  2598 | D:3      | HP: 6/25 [poisoned by you (poison gas)]
  2706 | D:4      | Reached XP level 5. HP: 23/29 MP: 7/7
  2706 | D:4      | 2706 ||| STAIRDANCE
  2709 | D:3      | HP: 5/29 [gnoll/+0 whip[a gnoll bouda] (8)]
  2709 | D:3      | Slain by a gnoll bouda

Levels and vault maps discovered:
D:1:      amcnicky_arrival_wind_blow, layout_loops_ring,
          hellmonk_ecumenical_altar_lost_god
D:2:      layout_loops_cross, basic_altar, uniq_crazy_yiuf_cottage
D:3:      layout_loops_corners, serial_shops, nicolae_shop_scrapyard
D:4:      layout_cave_pools, old_standard_altar, lemuel_tele_altar,
          nicolae_uskayaw_en_pointe, uniq_pikel, uniq_sigmund

Skill      XL: |  1  2  3  4 |
---------------+-------------+-----
Ranged Weapons | 6 7 8 |  8.4
Fighting       | |  1.5
Dodging        | |  2.4
Stealth        | |  1.2

Action                     |  1- 3 |  4- 6 || total
---------------------------+-------+-------++-------
   Fire: Shortbow          |    92 |    27 ||   119
    Use: Scroll            |     5 |     2 ||     7
         Potion            |     3 |     1 ||     4
 Armour: Leather armour    |    11 |       ||    11
         Ring mail         |     3 |     4 ||     7
  Dodge: Dodged            |    22 |     8 ||    30

Table legend:
 A = Non-vault XP
 B = Vault XP
 C = Vault XP percentage of total XP
 D = Non-vault monster count
 E = Vault monster count
 F = Vault count percentage of total count
                 A         B        C        D         E       F
            +---------+---------+-------+---------+---------+-------
      Total |     202 |       0 |   0.0 |      46 |       0 |   0.0
            +---------+---------+-------+---------+---------+-------
        D:1 |      22 |       0 |   0.0 |      15 |       0 |   0.0
        D:2 |      44 |       0 |   0.0 |      12 |       0 |   0.0
        D:3 |     121 |       0 |   0.0 |      18 |       0 |   0.0
        D:4 |      15 |       0 |   0.0 |       1 |       0 |   0.0
            +---------+---------+-------+---------+---------+-------
